 Dungeon Crawl Stone Soup version 0.28-a0-578-g717728bcc0 (webtiles) character file.

Game seed: 14799588064990066467

639 Conn the Firebug (level 7, -3/43 HPs)
             Began as an Octopode Fire Elementalist on Oct 2, 2021.
             Killed by an exploding Eustachio (33 damage)
             ... ignited by their inner flame
             ... on level 5 of the Dungeon.
             The game lasted 00:08:46 (5031 turns).

Conn the Firebug (Octopode Fire Elementalist)       Turns: 5031, Time: 00:08:47

Health: -3/43      AC:  1    Str:  7    XL:     7   Next: 51%
Magic:  0/21       EV: 13    Int: 20    God:
Gold:   174        SH:  0    Dex: 12    Spells: 6/13 levels left

rFire   . . .      SeeInvis .   f - +4 dagger
rCold   . . .      Faith    .   (no shield)
rNeg    + . .      Spirit   +   (helmet restricted)
rPois   .          Reflect  .   i - amulet of guardian spirit
rElec   .          Harm     .   a - ring of resist corrosion
rCorr   +          Rampage  .   e - ring of positive energy
Will    .....                   l - ring of magical power
Stlth   ++++......              (no ring)
HPRegen 0.14/turn               (no ring)
MPRegen 0.17/turn               (no ring)
                                (no ring)
                                (no ring)

@: no status effects
A: almost no armour, amphibious, 8 rings, camouflage 1, gelatinous body 1,
(nimble swimmer 1), tentacles
a: no special abilities


You were on level 5 of the Dungeon.
You visited 1 branch of the dungeon, and saw 5 of its levels.

You collected 174 gold pieces.

Inventory:

Hand Weapons
 f - a +4 dagger (weapon)
Jewellery
 a - a ring of resist corrosion (left tentacle)
 e - a ring of positive energy (right tentacle)
 i - an amulet of guardian spirit (around mantle)
 l - a ring of magical power (on tentacle)
Wands
 r - a wand of digging (5)
Scrolls
 b - a scroll of teleportation {unknown}
 d - a scroll of enchant armour {unknown}
 j - 2 scrolls of fog {unknown}
 k - a scroll of fear {unknown}
 m - a scroll of brand weapon {unknown}
 o - a scroll of magic mapping {unknown}
 p - 3 scrolls of holy word {unknown}
 s - a scroll of amnesia {unknown}
Potions
 c - a potion of brilliance
 g - a potion of berserk rage
 h - a potion of curing
 n - a potion of flight {unknown}
 q - a potion of heal wounds {unknown}
 t - a potion of attraction {unknown}


   Skills:
 + Level 1.1 Fighting
 + Level 1.4 Short Blades
 + Level 2.4 Dodging
 + Level 4.8 Stealth
 + Level 3.9 Spellcasting
 + Level 3.2 Conjurations
 + Level 0.8 Hexes
 + Level 5.3 Fire Magic


You had 6 spell levels left.
You knew the following spells:

 Your Spells              Type           Power      Damage    Failure   Level
a - Foxfire               Conj/Fire      84%        2x1d8     2%          1
b - Conjure Flame         Conj/Fire      21%        6-21      7%          3
c - Inner Flame           Hex/Fire       16%        N/A       11%         3

Your spell library contained the following spells:

 Spells                   Type           Power      Damage    Failure   Level
 Scorch                   Fire           50%        2d7       2%          2
 Flame Wave               Conj/Fire      21%        3d6       22%         4


Dungeon Overview and Level Annotations

Branches:
Dungeon (5/15)
 Temple: D:4-7

Altars:
Cheibriados
Gozag
Uskayaw

Shops:
D:1 [   D:3 [


Innate Abilities, Weirdness & Mutations

You cannot wear most types of armour.
You are amphibious.
You can wear up to eight rings at the same time.
Your skin changes colour to match your surroundings (Stealth+).
Your rubbery body absorbs attacks. (AC +1, EV +1)
((You are camouflaged near water. (Stealth+)))
You have tentacles for arms and can constrict up to eight enemies at once.


Message History

Eustachio casts a spell.
Eustachio blinks!
The adder bites you.
Casting: Foxfire (safe; 2% risk of failure)
Confirm with . or Enter, or press ? or * to list all spells.
You conjure some foxfire!
The adder misses you.
Unknown command.
You hit the adder. Your grab misses the adder. Your squeeze misses the adder.
The adder is almost dead.
The foxfire hits the adder.
You kill the adder!
The foxfire hits the water moccasin skeleton.
The water moccasin skeleton is moderately damaged.
The foxfire hits the water moccasin skeleton!
The water moccasin skeleton is heavily damaged.
The water moccasin skeleton barely misses you.
Casting: Foxfire (safe; 2% risk of failure)
Confirm with . or Enter, or press ? or * to list all spells.
You conjure some foxfire!
The water moccasin skeleton bites you.
Eustachio growls, "To hell with you, honourless miscreant!"
Unknown command.
You closely miss the water moccasin skeleton.
You grab the water moccasin skeleton.
The water moccasin skeleton is heavily damaged.
You constrict the water moccasin skeleton.
The foxfire hits the water moccasin skeleton.
The water moccasin skeleton is severely damaged.
The foxfire hits the water moccasin skeleton.
The water moccasin skeleton is severely damaged.
The water moccasin skeleton bites you!
Eustachio casts a spell.
Casting: Foxfire (safe; 2% risk of failure)
Confirm with . or Enter, or press ? or * to list all spells.
You conjure some foxfire!
You constrict the water moccasin skeleton.
The water moccasin skeleton misses you. The water moccasin skeleton bites you.
The foxfire hits Eustachio.
The rat disappears in a puff of smoke!
Eustachio explodes!
The fiery explosion engulfs you!!!
Ouch! That really hurt!
You die...

.... ....
.... ....
....#... #
#..#..## ..
#......###...
...........
#Z§v§.....
#.@)......
#.§§#.#...
#....# ##...#
##.## ##


You could see a water moccasin skeleton.

Vanquished Creatures
  Eustachio (D:5)
  2 ogres (D:4)
  A phantom (D:3)
  A scorpion (D:4)
  2 centaur skeletons (D:4)
  A jelly (D:4)
  An iron imp (D:4)
  2 iguanas (D:4)
  An orc wizard (D:4)
  4 adders
  An adder skeleton (D:4)
  A worm (D:3)
  5 dart slugs
  4 orcs
  11 bats
  10 endoplasms
  5 giant cockroaches
  9 goblins
  6 hobgoblins
  6 jackals
  8 kobolds
  7 quokkas
  5 ball pythons
  8 frilled lizards
  3 rats
105 creatures vanquished.

Vanquished Creatures (others)
  386 foxfires
386 creatures vanquished.

Grand Total: 491 creatures vanquished

Notes
Turn   | Place    | Note
-------+----------+-------------------------------------------
     0 | D:1      | Conn the Octopode Fire Elementalist began the quest for the
                  | Orb.
     0 | D:1      | Reached XP level 1. HP: 11/11 MP: 3/3
    39 | D:1      | Found a faded altar of an unknown god.
   254 | D:1      | Reached XP level 2. HP: 13/17 MP: 0/5
   830 | D:1      | Reached XP level 3. HP: 14/21 MP: 1/6
  1110 | D:1      | Found Pyxisoi's Antique Armour Emporium.
  1950 | D:2      | Reached XP level 4. HP: 27/27 MP: 5/7
  2088 | D:2      | Reached skill level 4 in Fire Magic
  2598 | D:3      | Learned a level 3 spell: Conjure Flame
  2602 | D:3      | Learned a level 3 spell: Inner Flame
  2642 | D:3      | Found a hide-covered altar of Uskayaw.
  2727 | D:3      | Noticed a phantom
  2812 | D:3      | Killed a phantom
  2813 | D:3      | Reached XP level 5. HP: 18/31 MP: 5/9
  3044 | D:3      | Found Makufou's Antique Armour Shoppe.
  3929 | D:4      | Found an opulent altar of Gozag.
  3997 | D:4      | Reached XP level 6. HP: 37/37 MP: 10/10
  4093 | D:4      | Found a snail-covered altar of Cheibriados.
  4201 | D:4      | Reached skill level 1 in Short Blades
  4203 | D:4      | Reached skill level 5 in Fire Magic
  4366 | D:4      | Reached skill level 1 in Fighting
  4366 | D:4      | Reached XP level 7. HP: 43/43 MP: 12/12
  5016 | D:5      | Entered Level 5 of the Dungeon
  5016 | D:5      | Noticed Eustachio
  5031 | D:5      | Killed Eustachio
  5031 | D:5      | Killed by an exploding Eustachio... ignited by their inner
                  | flame

Illustrated notes

Levels and vault maps discovered:
D:1:      ncdulo_wetmaze, layout_basic, serial_shops, nicolae_shop_behind_doors,
          ebering_ecumenical_altar_rust, minmay_indecisive_spiral
D:2:      layout_basic
D:3:      layout_basic, general_overflow_altar, serial_shops, shop
D:4:      layout_cave_pools, slow_altar_1, old_standard_altar, dk_noncrumbling_2
D:5:      layout_cave_pools, uniq_duvessa, uniq_eustachio, uniq_pikel

Skill      XL: |  1  2  3  4  5  6 |
---------------+-------------------+-----
Fire Magic     | 4 5 |  5.3
Stealth        | 3 4 |  4.8
Conjurations   | 2 3 |  3.2
Spellcasting   | 3 |  3.9
Short Blades   | 1 |  1.4
Fighting       | 1 |  1.1
Dodging        | |  2.4
Hexes          | |  0.8

Action                   |  1- 3 |  4- 6 |  7- 9 || total
-------------------------+-------+-------+-------++-------
Melee: Unarmed           |    23 |       |       ||    23
       Constrict         |     5 |     9 |     2 ||    16
       Tentacles         |     4 |     5 |     1 ||    10
       Dagger            |     1 |    38 |     5 ||    44
 Cast: Foxfire           |    91 |    94 |    44 ||   229
       Inner Flame       |       |     1 |     2 ||     3
       Conjure Flame     |       |     1 |     1 ||     2
  Use: Scroll            |       |     2 |     1 ||     3
 Stab: Sleeping          |       |     5 |       ||     5
Armor: Skin              |     2 |     1 |       ||     3
Dodge: Dodged            |    13 |    32 |     9 ||    54

Table legend: (Time is in decaauts)
 A = Elapsed time spent in this place.
 B = Non-inter-level travel time spent in this place.
 C = Inter-level travel time spent in this place.
 D = Time resting spent in this place.
 E = Time spent auto-exploring this place.
 F = Levels seen in this place.
 G = Mean time per level.
                   A        B        C        D        E       F      G
               +--------+--------+--------+--------+--------+-----+--------+
         Total |   5026 |   4919 |    107 |    123 |   3730 |   5 | 1005.2 |
       Dungeon |   5026 |   4919 |    107 |    123 |   3730 |   5 | 1005.2 |
               +--------+--------+--------+--------+--------+-----+--------+

Top non-repeatable levels by time:
     D:1: 1625 daAuts
     D:3: 1251 daAuts
     D:4: 1170 daAuts
     D:2: 965 daAuts
     D:5: 14 daAuts
